 Dungeon Crawl Stone Soup version 0.19-a0-1185-gacb3972 (webtiles) character file.

73 Ijustatesigmund the Skirmisher (level 4, 28/37 HPs)
             Began as a Demonspawn Fighter on Aug 18, 2016.
             Was an Initiate of Makhleb.
             Quit the game on level 2 of the Dungeon.
             The game lasted 00:02:58 (1316 turns).

Ijustatesigmund the Skirmisher (Demonspawn Fighter) Turns: 1316, Time: 00:02:59

Health: 28/37      AC:  7    Str: 16    XL:     4   Next: 8%
Magic:  4/4        EV:  6    Int:  9    God:    Makhleb [......]
Gold:   80         SH:  8    Dex: 14    Spells: 0 memorised, 3 levels left

rFire  . . .     SeeInvis .     a - +1 war axe
rCold  . . .     Gourm    .     b - +0 scale mail
rNeg   . . .     Faith    .     c - +0 shield
rPois  .         Spirit   +     (no helmet)
rElec  .         Dismiss  .     (no cloak)
rCorr  .         Reflect  .     p - +0 pair of gloves
MR     .....     Harm     .     (no boots)
Stlth  +.........               (no amulet)
                                (no ring)
                                e - ring of stealth

@: no status effects
A: claws 1, magic shield
a: Renounce Religion


You were on level 2 of the Dungeon.
You worshipped Makhleb.
Makhleb was noncommittal.
You were not hungry.

You visited 1 branch of the dungeon, and saw 2 of its levels.

You collected 80 gold pieces.

Inventory:

Hand Weapons
 a - a +1 war axe (weapon)
Armour
 b - a +0 scale mail (worn)
 c - a +0 shield (worn)
 p - a +0 pair of gloves (worn)
Jewellery
 e - a ring of stealth (left hand)
Scrolls
 i - a scroll of enchant weapon
 o - a scroll of identify
Potions
 d - 2 potions of might
 g - a potion of cure mutation
 h - 3 potions of curing
 m - a potion of brilliance {unknown}
 n - a potion of degeneration {unknown}
Comestibles
 f - 4 bread rations
 k - 2 beef jerkies
 l - 2 meat rations


   Skills:
 + Level 3.7 Fighting
 * Level 3.4 Axes
 - Level 2.6 Armour
 - Level 2.6 Shields


You had 3 spell levels left.
You didn't know any spells.

Dungeon Overview and Level Annotations

Branches:
Dungeon (2/15)

Altars:
Cheibriados
Makhleb
Sif Muna
Yredelemnul


Innate Abilities, Weirdness & Mutations

You have sharp fingernails.
When hurt, damage is shared between your health and your magic reserves.


Message History

The adder bites you. You block the adder's attack.
You barely miss the adder.
The adder bites you but does no damage. x2
Your scale mail prevents you from hitting the adder.
The adder bites you but does no damage.
Your shield prevents you from hitting the adder.
You block the adder's attack. The adder barely misses you.
Your shield and scale mail prevent you from hitting the adder.
You block the adder's attack. x2
You miss the adder. The adder barely misses you. x2
You hit the adder.
The adder is heavily wounded.
You block the adder's attack. The adder bites you but does no damage.
You slash the adder!
You kill the adder!
Makhleb accepts your kill.
You have reached level 4!
You feel agile.
Your demonic ancestry asserts itself...
You feel your magical essence form a protective shroud around your flesh.
Found a stone staircase leading down.
Are you sure you want to abandon this character and quit the game? (Confirm with "yes".)

*,,,,,,,* *.>....,*
#>....,,* #....,,,*
****##...#****
*,,,,....#############
*****#...#........##..
###...#.###........
#.@...#.##.....≈≈≈.
##......##....≈≈≈≈≈
#....####.#####≈##
#.#.......# #≈≈#
#.######### ###≈
#.........* **≈
##........* ***≈*
#........* *≈≈≈≈
#........* **≈≈≈


There were no monsters in sight!

Vanquished Creatures
  3 adders (D:2)
  An ooze (D:2)
  A worm (D:2)
  4 dart slugs
  3 bats
  3 hobgoblins (D:2)
  2 jackals (D:2)
  3 ball pythons
  2 giant newts
  5 goblins
  4 kobolds
  A rat (D:1)
32 creatures vanquished.

Notes
Turn   | Place    | Note
-------+----------+-------------------------------------------
     0 | D:1      | Ijustatesigmund the Demonspawn Fighter began the quest for the Orb.
     0 | D:1      | Reached XP level 1. HP: 18/18 MP: 1/1
   347 | D:1      | Gained mutation: You have sharp fingernails. [demonic ancestry]
   347 | D:1      | Reached XP level 2. HP: 23/24 MP: 2/2
   834 | D:2      | Reached XP level 3. HP: 22/29 MP: 3/3
   865 | D:2      | Found a deep blue altar of Sif Muna.
   877 | D:2      | Found a basalt altar of Yredelemnul.
   880 | D:2      | Found a burning altar of Makhleb.
   888 | D:2      | Became a worshipper of Makhleb the Destroyer
   897 | D:2      | Found a snail-covered altar of Cheibriados.
  1304 | D:2      | Gained mutation: When hurt, damage is shared between your health and your magic reserves. [demonic ancestry]
  1304 | D:2      | Reached XP level 4. HP: 27/37 MP: 4/4
  1316 | D:2      | Quit the game

Vault maps used:
D:1:      evilmike_arrival_fibonacci_small
D:2:      grunt_temple_overflow_cloverleaf, lemuel_another_geyser

Skill      XL: |  1  2  3 |
---------------+----------+-----
Axes           | 2 3 |  3.4
Fighting       | |  3.7
Armour         | |  2.6
Shields        | |  2.6

Action                   |  1- 3 |  4- 6 || total
-------------------------+-------+-------++-------
Melee: War axe           |   100 |       ||   100
  Use: Scroll            |     6 |       ||     6
  Eat: Chunk             |     1 |       ||     1
Armor: Scale mail        |    44 |       ||    44
Dodge: Dodged            |    34 |       ||    34
Block: Shield            |    58 |       ||    58
